 Dungeon Crawl Stone Soup version 0.23.1-41-g7e51ed32d8 (webtiles) character file.

Game seed: 9714517074873580594

98 Norn the Ruffian (level 4, 0/35 HPs)
             Began as a Draconian Transmuter on Mar 30, 2019.
             Slain by a crimson imp (4 damage)
             ... on level 3 of the Dungeon.
             The game lasted 00:04:09 (2686 turns).

Norn the Ruffian (Draconian Transmuter)             Turns: 2686, Time: 00:04:10

Health: 0/35       AC:  5    Str: 12    XL:     4   Next: 43%
Magic:  4/7        EV: 12    Int: 15    God:
Gold:   79         SH:  0    Dex: 11    Spells: 4/7 levels left

rFire    + . .     SeeInvis .     - Unarmed
rCold    + . .     Gourm    .   (no shield)
rNeg     . . .     Faith    .   (armour unavailable)
rPois    .         Spirit   .   (helmet restricted)
rElec    .         Reflect  .   t - scarf {rC+ rF+}
rCorr    .         Harm     .   (no gloves)
MR       .....                  (no boots)
Stlth    +.........             (no amulet)
HPRegen  0.11/turn              (no ring)
MPRegen  0.10/turn              (no ring)

@: no status effects
A: unfitting armour, cold-blooded, AC +5
a: no special abilities


You were on level 3 of the Dungeon.
You were hungry.

You visited 1 branch of the dungeon, and saw 3 of its levels.

You collected 79 gold pieces.

Inventory:

Missiles
 a - 36 arrows
 r - 11 stones (quivered)
Armour
 t - a scarf of resistance (worn)
   (You found it on level 3 of the Dungeon)
Jewellery
 f - an uncursed ring of positive energy {unknown}
   (You found it on level 1 of the Dungeon)
Scrolls
 c - a scroll of random uselessness {unknown}
 h - 4 scrolls of identify {unknown}
 j - 3 scrolls of remove curse {unknown}
 k - a scroll of teleportation {unknown}
 m - a scroll of blinking {unknown}
 n - a scroll of fear {unknown}
Potions
 b - 2 potions of lignification {unknown}
 d - a potion of flight {unknown}
 g - a potion of curing {unknown}
 i - a potion of resistance {unknown}
 l - a potion of heal wounds {unknown}
 o - 2 potions of mutation {unknown}
 p - a potion of ambrosia {unknown}
 q - a potion of might {unknown}
Comestibles
 e - 2 rations {!d}
 s - 4 chunks of flesh


   Skills:
 - Level 1.1 Fighting
 - Level 1.7 Dodging
 + Level 4.3 Unarmed Combat
 - Level 2.0 Spellcasting
 + Level 3.6 Transmutations


You had 4 spell levels left.
You knew the following spells:

 Your Spells              Type           Power        Failure   Level  Hunger
a - Beastly Appendage     Tmut           ##....       4%          1    #......
s - Sticks to Snakes      Tmut           ##......     8%          2    ###....

Your spell library contained the following spells:

 Spells                   Type           Power        Failure   Level  Hunger
 Spider Form              Tmut/Pois      #.........   32%         3    ###....
 Ice Form                 Ice/Tmut       #.......     71%         4    #####..
 Blade Hands              Tmut           ##........   80%         5    ######.


Dungeon Overview and Level Annotations

Branches:
Dungeon (3/15)

Altars:
Cheibriados
Ru


Innate Abilities, Weirdness & Mutations

Your plain brown scales are hard. (AC +5)
You cannot fit into any form of body armour.
You are cold-blooded and may be slowed by cold attacks.


Message History

Things that are here:
a tomahawk of returning; a +0 club; an orc corpse You barely miss the crimson imp.
The crimson imp hits you but does no damage.
A jackal comes into view.
You miss the crimson imp.
The jackal barks!
Your tail-slap misses the crimson imp.
The crimson imp closely misses you.
You closely miss the crimson imp.
You tail-slap the crimson imp, but do no damage.
The crimson imp hits you.
* * * LOW HITPOINT WARNING * * *
Okay, then.
You hit the crimson imp.
The crimson imp hits you but does no damage.
You closely miss the crimson imp. You tail-slap the crimson imp.
The crimson imp barely misses you.
A jackal comes into view.
You punch the crimson imp!
A worm comes into view.
The crimson imp hits you but does no damage.
The goblin closely misses you.
You hit the crimson imp.
Your tail-slap misses the crimson imp.
The crimson imp barely misses you. The goblin closely misses you.
You barely miss the crimson imp.
Your tail-slap misses the crimson imp.
The crimson imp blinks!
You barely miss the crimson imp.
You tail-slap the crimson imp, but do no damage.
The goblin hits you but does no damage.
You hit the crimson imp but do no damage.
The crimson imp blinks!
The goblin hits you.
* * * LOW HITPOINT WARNING * * *
Items here: )) [[ †† The crimson imp completely misses you.
You hit the crimson imp.
The crimson imp grins evilly.
The crimson imp hits you.
* * * LOW HITPOINT WARNING * * *
The goblin misses you.
You completely miss the crimson imp. You tail-slap the crimson imp.
The crimson imp hits you.
* * * LOW HITPOINT WARNING * * *
The goblin closely misses you.
You miss the crimson imp.
Your tail-slap misses the crimson imp.
The crimson imp blinks!
The goblin hits you.
* * * LOW HITPOINT WARNING * * *
Okay, then.
The crimson imp closely misses you. The crimson imp hits you.
You die...

#.# .......... #.#.# ...
##.......#### #.#.# .5#
#........##.#####[#.# #.##
##.....<..##.......#.# ...
..........##.####### #.#
#.......##.# #§#
+.......##.#
#÷##########.......##.#
#()........####5@.....#
#########...# #.####### .
#######...# #g# ...
..........###h#######.....
..............).hh.w......
........#############...##
.....5......... .#
###############


You could see a crimson imp, a jackal and a goblin.

Vanquished Creatures
  An orc wizard (D:3)
  An ooze (D:2)
  An adder skeleton (D:3)
  2 dart slugs (D:1)
  3 orcs (D:3)
  A giant cockroach (D:1)
  7 goblins (D:1)
  8 hobgoblins
  4 jackals (D:1)
  3 ball pythons (D:3)
  7 bats
  2 frilled lizards (D:2)
  2 kobolds
  5 rats
47 creatures vanquished.

Vanquished Creatures (collateral kills)
  An adder (D:3)
  A worm (D:2)
  A rat (D:3)
3 creatures vanquished.

Grand Total: 50 creatures vanquished

Notes
Turn   | Place    | Note
-------+----------+-------------------------------------------
     0 | D:1      | Norn the Draconian Transmuter began the quest for the Orb.
     0 | D:1      | Reached XP level 1. HP: 16/16 MP: 3/3
   422 | D:1      | Reached XP level 2. HP: 23/23 MP: 3/5
  1185 | D:1      | Reached XP level 3. HP: 24/28 MP: 4/6
  1189 | D:1      | Learned a level 2 spell: Sticks to Snakes
  1788 | D:2      | Found a snail-covered altar of Cheibriados.
  1830 | D:2      | Found a sacrificial altar of Ru.
  2561 | D:3      | Reached skill level 4 in Unarmed Combat
  2613 | D:3      | Reached XP level 4. HP: 18/35 MP: 0/7
  2686 | D:3      | Slain by a crimson imp

Skill      XL: |  1  2  3 |
---------------+----------+-----
Transmutations | 3 |  3.6
Unarmed Combat | 4 |  4.3
Fighting       | |  1.1
Dodging        | |  1.7
Spellcasting   | |  2.0

Action                   |  1- 3 |  4- 6 || total
-------------------------+-------+-------++-------
Melee: Unarmed           |   124 |    30 ||   154
       Tailslap          |     8 |     5 ||    13
       Headbutt          |     7 |     2 ||     9
       Kick              |     9 |       ||     9
       Punch             |     3 |       ||     3
Throw: Stone             |     1 |       ||     1
 Cast: Beastly Appendage |    25 |     1 ||    26
       Sticks to Snakes  |     5 |     1 ||     6
 Stab: Sleeping          |     1 |       ||     1
  Eat: Chunk             |     6 |       ||     6
Armor: Skin              |    34 |    10 ||    44
Dodge: Dodged            |    82 |    21 ||   103
